 Dungeon Crawl Stone Soup version 0.30.1-11-g7821555f0a (webtiles) character file.

Game seed: 10164877916332149473

70 Chiseanne the Trooper (level 4, 15/37 HPs)
             Began as a Demonspawn Wanderer on Nov 24, 2023.
             Quit the game on level 2 of the Dungeon.
             The game lasted 00:01:58 (1234 turns).

Chiseanne the Trooper (Demonspawn Wanderer)         Turns: 1234, Time: 00:01:58

Health: 15/37      AC:  8    Str: 12    XL:     4   Next: 4%
Magic:  4/4        EV: 11    Int: 12    God:
Gold:   72         SH:  4    Dex: 16    Spells: 3/3 levels left

rFire   . . .        a - +3 falchion
rCold   . . .        (no shield)
rNeg    . . .        h - +0 ring mail
rPois   .            c - +0 helmet
rElec   .            (no cloak)
rCorr   .            (no gloves)
SInv    .            (no boots)
Will    .....        (no amulet)
Stlth   +            (no ring)
HPRegen 0.26/turn    (no ring)
MPRegen 0.09/turn

%: no passive effects
@: mildly poisoned (15 -> 13)
A: claws 1, icy blue scales 1, condensation shield
a: no special abilities


You were on level 2 of the Dungeon.
You visited 1 branch of the dungeon, and saw 2 of its levels.

You collected 72 gold pieces.

Inventory:

Hand Weapons
 a - a +3 falchion (weapon)
 b - a +0 sling
Missiles
 f - 12 stones (quivered)
 k - 3 poisoned darts
Armour
 c - a +0 helmet (worn)
 h - a +0 ring mail (worn)
Jewellery
 l - an amulet of faith
Scrolls
 g - 2 scrolls of identify
 i - a scroll of teleportation
Potions
 e - a potion of curing


   Skills:
 * Level 3.7 Fighting
 - Level 2.6 Long Blades
 - Level 1.0 Ranged Weapons
 * Level 2.6 Armour
 * Level 2.2 Dodging


You had 3 spell levels left.
You didn't know any spells.
Your spell library was empty.

Dungeon Overview and Level Annotations

Branches:
Dungeon (2/15)

Altars:


Innate Abilities, Weirdness & Mutations

You have sharp fingernails.
You are partially covered in icy blue scales. (AC +2)
A meltable shield of frost defends you. (SH +4)


Message History

The adder is severely wounded.
The adder bites you but does no damage. The adder misses you.
You barely miss the adder.
The adder is heavily wounded.
The adder barely misses you.
You closely miss the adder.
The adder is heavily wounded.
The adder bites you. The adder bites you but does no damage.
You miss the adder.
The adder is heavily wounded.
The adder closely misses you.
You closely miss the adder.
The adder is heavily wounded.
You block the adder's attack. The adder closely misses you.
You closely miss the adder.
The adder is heavily wounded.
The adder bites you.
You are poisoned.
The adder poisons you!
You closely miss the adder.
The adder is heavily wounded.
You feel sick. The adder barely misses you.
The adder bites you but does no damage.
You hit the adder.
The adder is almost dead.
You feel sick. The adder bites you but does no damage.
Jessica mumbles some strange words.
Jessica blinks!
You miss the adder.
The adder is almost dead.
You feel sick. You block the adder's attack. Jessica completely misses you.
The adder bites you but does no damage.
You slash Jessica!
You kill Jessica!
You feel sick. The adder misses you. You block the adder's attack.
Your Dodging skill increases to level 2!
You have reached level 4!
You feel clever.
Your demonic ancestry asserts itself...
Your fingernails lengthen.
Are you sure you want to abandon this character and quit the game? (Confirm with "yes".)

.##### ......#####.#.#
#......@... #.# .#
##S######># #>##.#
#@#### #.##.# #)##.##
#.##.#########.#...## #
#.##.#..............#
.##.##.#.###.#####...##
....##.#.###.# ##.##
.............# #.#
...###.#.##### #.# ..##
#.#.# #.#


You could see an adder.

Vanquished Creatures
  Jessica (D:2)
  An adder (D:2)
  A dart slug (D:1)
  3 bats (D:1)
  6 endoplasms
  4 giant cockroaches
  3 goblins (D:1)
  3 hobgoblins (D:1)
  5 ball pythons
  A frilled lizard (D:1)
  A kobold (D:1)
  3 rats (D:1)
32 creatures vanquished.

Notes
Turn   | Place    | Note
-------+----------+-------------------------------------------
     0 | D:1      | Chiseanne the Demonspawn Wanderer began the quest for the
                  | Orb.
     0 | D:1      | Chiseanne set off with the following items: a +3 falchion,
                  | a +0 sling, a scroll of vulnerability, a +0 robe.
     0 | D:1      | Reached XP level 1. HP: 18/18 MP: 1/1
    74 | D:1      | Gained mutation: You are partially covered in icy blue
                  | scales. (AC +2) [demonic ancestry]
    74 | D:1      | Reached XP level 2. HP: 21/24 MP: 2/2
   584 | D:1      | Gained mutation: A meltable shield of frost defends you.
                  | (SH +4) [demonic ancestry]
   584 | D:1      | Reached XP level 3. HP: 27/29 MP: 3/3
   862 | D:1      | Found a faded altar of an unknown god.
  1204 | D:2      | Noticed Jessica
  1233 | D:2      | Killed Jessica
  1234 | D:2      | Gained mutation: You have sharp fingernails. [demonic
                  | ancestry]
  1234 | D:2      | Reached XP level 4. HP: 15/37 MP: 4/4
  1234 | D:2      | Quit the game

Illustrated notes

Levels and vault maps discovered:
D:1:      lemuel_arrival_behind_the_door_large, layout_basic,
          dreamdust_ecumenical_altar_hidden_monk_grotto, minmay_crystal_water,
          kennysheep_doodads
D:2:      layout_loops_ring, basic_altar, nrook_uturn, kennysheep_pointless_box,
          minivault_14, minmay_stone_trees_small, uniq_jessica, uniq_sigmund

Skill      XL: |  1  2  3 |
---------------+----------+-----
Armour         | 2 |  2.6
Dodging        | 2 |  2.2
Fighting       | |  3.7
Long Blades    | |  2.6
Ranged Weapons | |  1.0

Action                     |  1- 3 |  4- 6 || total
---------------------------+-------+-------++-------
  Melee: Falchion          |    86 |       ||    86
         Punch             |     1 |       ||     1
    Use: Scroll            |     4 |       ||     4
   Stab: Sleeping          |     3 |       ||     3
 Armour: Robe              |    17 |       ||    17
         Ring mail         |    13 |       ||    13
  Dodge: Dodged            |    50 |       ||    50
  Block: Other             |    10 |       ||    10
